| TOP OF THE 1ST |
|
Portland Angels batting - Pitching for Americus Braves : RHP Matt McGarrity
|
|
Pitching: RHP Matt McGarrity
|
|
|
Batting: RHB Ken Beck
|
0-0: Ball 1-0: Called Strike 1-1: Foul Ball, location: 2F 1-2: Ball 2-2: Ball 3-2: Base on Balls
|
|
Batting: RHB Jayden Hollaway
|
0-0: Ball Ken Beck steals 2nd base 1-0: Foul Ball, location: 2F 1-1: Called Strike 1-2: Foul Ball, location: 2F 1-2: Foul Ball, location: 2F 1-2: Strikes out swinging
|
|
Batting: RHB Alex Rosaly
|
0-0: Ball 1-0: Called Strike 1-1: Fly out, F9 (Flyball, 9S, EV 67.5 MPH)
|
|
Batting: LHB Lourens Aukema
|
0-0: Called Strike 0-1: Ground out 4-3 (Groundball, 4, EV 110.0 MPH)
|
| Top of the 1st over - 0 runs, 0 hits, 0 errors, 1 left on base; Portland 0 - Americus 0 |
| BOTTOM OF THE 1ST |
|
Americus Braves batting - Pitching for Portland Angels : RHP William Flannigan
|
|
Pitching: RHP William Flannigan
|
|
|
Batting: RHB Ryan Cole
|
0-0: Ball 1-0: Foul Ball, location: 2F 1-1: Ball 2-1: Foul Ball, location: 2F 2-2: Ball 3-2: Base on Balls
|
|
Batting: RHB Scott Hansen
|
0-0: Called Strike 0-1: Called Strike Ryan Cole steals 2nd, throwing error, E2 Ryan Cole to third 0-2: Ball 1-2: SINGLE (Line Drive, 56D, EV 96.9 MPH) Ryan Cole scores
|
|
Batting: SHB Vladimir Guerrero III
|
0-0: Grounds into double play, 6-4-3 (Groundball, 6, EV 106.9 MPH)
|
|
Batting: RHB Wilson Salgado
|
0-0: Ball 1-0: Ball 2-0: Swinging Strike 2-1: Swinging Strike 2-2: Foul Ball, location: 2F 2-2: Foul Ball, location: 2F 2-2: Foul Ball, location: 2F 2-2: Foul Ball, location: 2F 2-2: Ball 3-2: Strikes out looking
|
| Bottom of the 1st over - 1 run, 1 hit, 1 error, 0 left on base; Portland 0 - Americus 1 |
| TOP OF THE 2ND |
|
Portland Angels batting - Pitching for Americus Braves : RHP Matt McGarrity
|
|
Batting: RHB Mario Martinez
|
0-0: Ball 1-0: Called Strike 1-1: Foul Ball, location: 2F 1-2: Foul Ball, location: 2F 1-2: Ball 2-2: Strikes out swinging
|
|
Batting: LHB Lupe Garcia
|
0-0: Ground out 6-3 (Groundball, 6S, EV 65.0 MPH)
|
|
Batting: LHB Miguel Hernandez
|
0-0: Ball 1-0: Ball 2-0: Fly out, F5 (Popup, 25F, EV 88.1 MPH)
|
| Top of the 2nd over - 0 runs, 0 hits, 0 errors, 0 left on base; Portland 0 - Americus 1 |
| BOTTOM OF THE 2ND |
|
Americus Braves batting - Pitching for Portland Angels : RHP William Flannigan
|
|
Batting: RHB Josh Maxwell
|
0-0: Called Strike 0-1: Swinging Strike 0-2: Strikes out swinging
|
|
Batting: LHB Garret Mathis
|
0-0: Called Strike 0-1: Foul Ball, location: 2F 0-2: Foul Ball, location: 2F 0-2: Strikes out swinging
|
|
Batting: RHB Jose Florez
|
0-0: Fly out, F7 (Flyball, 7D, EV 107.5 MPH)
|
| Bottom of the 2nd over - 0 runs, 0 hits, 0 errors, 0 left on base; Portland 0 - Americus 1 |
| TOP OF THE 3RD |
|
Portland Angels batting - Pitching for Americus Braves : RHP Matt McGarrity
|
|
Batting: LHB John Harvey
|
0-0: Ball 1-0: Called Strike 1-1: Fly out, F7 (Line Drive, 7, EV 100.6 MPH)
|
|
Batting: LHB Matt Herndon
|
0-0: Fly out, F8 (Line Drive, 8LD, EV 91.9 MPH)
|
|
Batting: RHB Ken Beck
|
0-0: Swinging Strike 0-1: Called Strike 0-2: Strikes out swinging
|
| Top of the 3rd over - 0 runs, 0 hits, 0 errors, 0 left on base; Portland 0 - Americus 1 |
| BOTTOM OF THE 3RD |
|
Americus Braves batting - Pitching for Portland Angels : RHP William Flannigan
|
|
Batting: RHB Chris Foss
|
0-0: Fly out, F8 (Flyball, 8RM, EV 91.9 MPH)
|
|
Batting: RHB Danny Harris
|
0-0: Ball 1-0: Swinging Strike 1-1: Ball 2-1: Foul Ball, location: 2F 2-2: Ball 3-2: Base on Balls
|
|
Batting: RHB Ryan Cole
|
0-0: Ball 1-0: Foul Ball, location: 2F 1-1: Swinging Strike 1-2: Foul Ball, location: 2F 1-2: Ball 2-2: Fielders Choice at 2nd, 4-6 (Groundball, 4, EV 80.6 MPH)
|
|
Batting: RHB Scott Hansen
|
0-0: Ball 1-0: Ball 2-0: SINGLE (Line Drive, 4M, EV 96.2 MPH) Ryan Cole to second
|
|
Batting: SHB Vladimir Guerrero III
|
0-0: Called Strike 0-1: Ball 1-1: Ball 2-1: Called Strike 2-2: Strikes out swinging
|
| Bottom of the 3rd over - 0 runs, 1 hit, 0 errors, 2 left on base; Portland 0 - Americus 1 |
| TOP OF THE 4TH |
|
Portland Angels batting - Pitching for Americus Braves : RHP Matt McGarrity
|
|
Batting: RHB Jayden Hollaway
|
0-0: Fly out, F7 (Flyball, 7D, EV 102.5 MPH)
|
|
Batting: RHB Alex Rosaly
|
0-0: Ball 1-0: Called Strike 1-1: Ball 2-1: Called Strike 2-2: Ball 3-2: Strikes out looking
|
|
Batting: LHB Lourens Aukema
|
0-0: SOLO HOME RUN (Flyball, 9D, EV 98.1 MPH), Distance : 388 ft
|
|
Batting: RHB Mario Martinez
|
0-0: Swinging Strike 0-1: SINGLE (Groundball, 4MD, EV 103.8 MPH)
|
|
Batting: LHB Lupe Garcia
|
0-0: Called Strike 0-1: Swinging Strike 0-2: Strikes out looking
|
| Top of the 4th over - 1 run, 2 hits, 0 errors, 1 left on base; Portland 1 - Americus 1 |
| BOTTOM OF THE 4TH |
|
Americus Braves batting - Pitching for Portland Angels : RHP William Flannigan
|
|
Batting: RHB Wilson Salgado
|
0-0: Called Strike 0-1: Swinging Strike 0-2: Strikes out swinging
|
|
Batting: RHB Josh Maxwell
|
0-0: Called Strike 0-1: Ball 1-1: Called Strike 1-2: Ball 2-2: Ball 3-2: Strikes out looking
|
|
Batting: LHB Garret Mathis
|
0-0: Called Strike 0-1: Ball 1-1: Swinging Strike 1-2: Ball 2-2: SINGLE (Groundball, 6S, EV 73.1 MPH) (infield hit)
|
|
Batting: RHB Jose Florez
|
0-0: Ball 1-0: Ball 2-0: Swinging Strike 2-1: Foul Ball, location: 2F 2-2: Strikes out looking
|
| Bottom of the 4th over - 0 runs, 1 hit, 0 errors, 1 left on base; Portland 1 - Americus 1 |
| TOP OF THE 5TH |
|
Portland Angels batting - Pitching for Americus Braves : RHP Matt McGarrity
|
|
Batting: LHB Miguel Hernandez
|
0-0: Called Strike 0-1: Fly out, F7 (Flyball, 7, EV 96.2 MPH)
|
|
Batting: LHB John Harvey
|
0-0: Ball 1-0: Ball 2-0: Foul Ball, location: 2F 2-1: Ground out 4-3 (Groundball, 4S, EV 69.4 MPH)
|
|
Batting: LHB Matt Herndon
|
0-0: Ball 1-0: Ball 2-0: Ball 3-0: Base on Balls
|
|
Batting: RHB Ken Beck
|
0-0: Called Strike 0-1: Ball 1-1: Foul Ball, location: 2F 1-2: Ball 2-2: Foul Ball, location: 2F 2-2: Foul Ball, location: 2F 2-2: Strikes out looking
|
| Top of the 5th over - 0 runs, 0 hits, 0 errors, 1 left on base; Portland 1 - Americus 1 |
| BOTTOM OF THE 5TH |
|
Americus Braves batting - Pitching for Portland Angels : RHP William Flannigan
|
|
Batting: RHB Chris Foss
|
0-0: Foul Ball, location: 2F 0-1: Called Strike 0-2: Foul Ball, location: 2F 0-2: Ball 1-2: Foul Ball, location: 2F 1-2: Strikes out looking
|
|
Pitching: RHP Steve Kelly
|
|
|
Batting: RHB Danny Harris
|
0-0: Ball 1-0: Foul Ball, location: 2F 1-1: Foul Ball, location: 2F 1-2: Strikes out swinging
|
|
Batting: RHB Ryan Cole
|
0-0: Called Strike 0-1: Ball 1-1: Swinging Strike 1-2: Ball 2-2: Ball 3-2: Base on Balls
|
|
Batting: RHB Scott Hansen
|
0-0: Ball 1-0: Foul Ball, location: 2F 1-1: Foul Ball, location: 2F 1-2: Ball 2-2: Ground out 5-3 (Groundball, 56S, EV 81.9 MPH)
|
| Bottom of the 5th over - 0 runs, 0 hits, 0 errors, 1 left on base; Portland 1 - Americus 1 |
| TOP OF THE 6TH |
|
Portland Angels batting - Pitching for Americus Braves : RHP Matt McGarrity
|
|
Batting: RHB Jayden Hollaway
|
0-0: Ball 1-0: Ground out 5-3 (Groundball, 56, EV 85.6 MPH)
|
|
Batting: RHB Alex Rosaly
|
0-0: Ball 1-0: Fly out, F8 (Flyball, 8RS, EV 96.9 MPH)
|
|
Batting: LHB Lourens Aukema
|
0-0: Swinging Strike 0-1: SOLO HOME RUN (Flyball, 9LD, EV 98.1 MPH), Distance : 369 ft
|
|
Batting: RHB Mario Martinez
|
0-0: Foul Ball, location: 2F 0-1: Ball 1-1: Foul Ball, location: 2F 1-2: Ball 2-2: Strikes out swinging
|
| Top of the 6th over - 1 run, 1 hit, 0 errors, 0 left on base; Portland 2 - Americus 1 |
| BOTTOM OF THE 6TH |
|
Americus Braves batting - Pitching for Portland Angels : RHP Steve Kelly
|
|
Batting: SHB Vladimir Guerrero III
|
0-0: Ball 1-0: Ball 2-0: Called Strike 2-1: Hit by Pitch
|
|
Batting: RHB Wilson Salgado
|
0-0: Foul Ball, location: 2F 0-1: Swinging Strike 0-2: Foul Ball, location: 2F 0-2: Ball 1-2: Strikes out swinging
|
|
Batting: RHB Josh Maxwell
|
0-0: Ball 1-0: Called Strike 1-1: Ball 2-1: Swinging Strike 2-2: Foul Ball, location: 2F 2-2: Ball 3-2: Foul Ball, location: 2F 3-2: Base on Balls Vladimir Guerrero III to second
|
|
Batting: LHB Garret Mathis
|
0-0: Ball 1-0: Ball 2-0: Ball 3-0: Called Strike 3-1: Foul Ball, location: 2F 3-2: Foul Ball, location: 2F 3-2: Foul Ball, location: 2F 3-2: Ground out U3 (Groundball, 34S, EV 89.4 MPH) Vladimir Guerrero III to third Josh Maxwell to second
|
|
Pinch Hitting: SHB Chris Morrison
|
0-0: Called Strike 0-1: Ball 1-1: Ball 2-1: Ball 3-1: Foul Ball, location: 2F 3-2: Ground out 6-3 (Groundball, 6M, EV 88.1 MPH)
|
| Bottom of the 6th over - 0 runs, 0 hits, 0 errors, 2 left on base; Portland 2 - Americus 1 |
| TOP OF THE 7TH |
|
Portland Angels batting - Pitching for Americus Braves : RHP Matt McGarrity
|
|
Now at 3B: Bill Horne
|
|
|
Batting: LHB Lupe Garcia
|
0-0: Called Strike 0-1: Called Strike 0-2: Ball 1-2: Ball 2-2: Ball 3-2: Base on Balls
|
|
Batting: LHB Miguel Hernandez
|
0-0: Bunted foul 0-1: Sac Bunt to P - play at first, batter OUT! 1-4 Lupe Garcia to second
|
|
Batting: LHB John Harvey
|
0-0: Intentional Walk
|
|
Batting: LHB Matt Herndon
|
0-0: Ball 1-0: Foul Ball, location: 2F 1-1: Called Strike 1-2: Strikes out swinging
|
|
Batting: RHB Ken Beck
|
0-0: Ball 1-0: Foul Ball, location: 2F 1-1: Ball 2-1: Single, Error in OF, E7, batter to second base (Line Drive, 78M, EV 103.8 MPH) Lupe Garcia scores John Harvey to third
|
|
Batting: RHB Jayden Hollaway
|
0-0: Ball 1-0: Foul Ball, location: 2F 1-1: Ball 2-1: Foul Ball, location: 2F 2-2: Ball 3-2: Base on Balls
|
|
Batting: RHB Alex Rosaly
|
0-0: Ball 1-0: Foul Ball, location: 2F 1-1: Foul Ball, location: 2F 1-2: Ball 2-2: Ball 3-2: Base on Balls John Harvey scores Ken Beck to third Jayden Hollaway to second
|
|
Batting: LHB Lourens Aukema
|
0-0: Ball 1-0: Fly out, F7 (Flyball, 7D, EV 106.2 MPH)
|
| Top of the 7th over - 2 runs, 1 hit, 1 error, 3 left on base; Portland 4 - Americus 1 |
| BOTTOM OF THE 7TH |
|
Americus Braves batting - Pitching for Portland Angels : RHP Steve Kelly
|
|
Batting: RHB Chris Foss
|
0-0: Ball 1-0: Called Strike 1-1: Fly out, F7 (Line Drive, 7S, EV 94.4 MPH)
|
|
Batting: RHB Danny Harris
|
0-0: Ball 1-0: Ball 2-0: Called Strike 2-1: Called Strike 2-2: Ball 3-2: Strikes out looking
|
|
Batting: RHB Ryan Cole
|
0-0: Called Strike 0-1: Called Strike 0-2: Ball 1-2: Strikes out looking
|
| Bottom of the 7th over - 0 runs, 0 hits, 0 errors, 0 left on base; Portland 4 - Americus 1 |
| TOP OF THE 8TH |
|
Portland Angels batting - Pitching for Americus Braves : RHP Matt McGarrity
|
|
Pitching: RHP Norm Wamboldt
|
|
|
Batting: RHB Mario Martinez
|
0-0: Swinging Strike 0-1: Ball 1-1: Swinging Strike 1-2: Strikes out swinging
|
|
Batting: LHB Lupe Garcia
|
0-0: Called Strike 0-1: Called Strike 0-2: Ball 1-2: Strikes out swinging
|
|
Batting: LHB Miguel Hernandez
|
0-0: Called Strike 0-1: Fly out, F7 (Flyball, 7, EV 87.5 MPH)
|
| Top of the 8th over - 0 runs, 0 hits, 0 errors, 0 left on base; Portland 4 - Americus 1 |
| BOTTOM OF THE 8TH |
|
Americus Braves batting - Pitching for Portland Angels : RHP Steve Kelly
|
|
Pitching: LHP Jim Roney
|
|
|
Batting: RHB Scott Hansen
|
0-0: Swinging Strike 0-1: Called Strike 0-2: Strikes out swinging
|
|
Batting: SHB Vladimir Guerrero III
|
0-0: SINGLE (Line Drive, 8LS, EV 105.6 MPH)
|
|
Batting: RHB Wilson Salgado
|
0-0: Ball 1-0: Ball 2-0: Fielders Choice at 2nd, 6-4 (Groundball, 6M, EV 97.5 MPH)
|
|
Batting: RHB Josh Maxwell
|
0-0: Called Strike 0-1: Ball 1-1: Ball 2-1: Ball 3-1: Called Strike 3-2: SINGLE (Groundball, 4MD, EV 101.2 MPH) Wilson Salgado to second Wilson Salgado to third
|
|
Batting: LHB Garret Mathis
|
0-0: Ball 1-0: Ball 2-0: Ball 3-0: Base on Balls Josh Maxwell to second
|
|
Batting: RHB Bill Horne
|
0-0: Called Strike 0-1: Ball 1-1: Ball 2-1: Ball 3-1: Base on Balls Wilson Salgado scores Josh Maxwell to third Garret Mathis to second
|
|
Batting: RHB Chris Foss
|
0-0: Foul Ball, location: 2F 0-1: Foul Ball, location: 2F 0-2: Ball 1-2: Ball 2-2: SINGLE (Line Drive, 6MD, EV 106.2 MPH) Josh Maxwell scores Garret Mathis to third Bill Horne to second Runner from 3rd tries for Home, SAFE, throw by CF to home
|
|
Pitching: RHP John Martin
|
|
|
Pinch Hitting: RHB Travis Mendoza
|
0-0: Called Strike 0-1: Called Strike 0-2: Foul Ball, location: 2F 0-2: Fly out, F7 (Line Drive, 7, EV 98.1 MPH)
|
| Bottom of the 8th over - 3 runs, 3 hits, 0 errors, 2 left on base; Portland 4 - Americus 4 |
| TOP OF THE 9TH |
|
Portland Angels batting - Pitching for Americus Braves : RHP Norm Wamboldt
|
|
Now in LF: Travis Mendoza
|
|
|
Now in CF: Ryan Cole
|
|
|
Pinch Hitting: RHB Joe Keough
|
0-0: Called Strike 0-1: Ball 1-1: Ball 2-1: Foul Ball, location: 2F 2-2: Ball 3-2: Fly out, F8 (Flyball, 89S, EV 95.0 MPH)
|
|
Pinch Hitting: RHB Eric Hays
|
0-0: SINGLE (Line Drive, 89S, EV 97.5 MPH)
|
|
Pinch Hitting: LHB Jon Rahn
|
0-0: Ball 1-0: Called Strike 1-1: Called Strike 1-2: Ball 2-2: Ball 3-2: Strikes out looking Eric Hays is caught stealing 2nd base 2-6 Batter strikes out.
|
| Top of the 9th over - 0 runs, 1 hit, 0 errors, 0 left on base; Portland 4 - Americus 4 |
| BOTTOM OF THE 9TH |
|
Americus Braves batting - Pitching for Portland Angels : RHP John Martin
|
|
Now at 2B: Eric Hays
|
|
|
Now in CF: Dan Contreras
|
|
|
Now in RF: Dustin Watling
|
|
|
Batting: RHB Ryan Cole
|
0-0: Swinging Strike 0-1: Ball 1-1: Ball 2-1: SINGLE (Line Drive, 4D, EV 96.2 MPH)
|
|
Batting: RHB Scott Hansen
|
0-0: Swinging Strike 0-1: Ball 1-1: Called Strike 1-2: Strikes out swinging
|
|
Batting: SHB Vladimir Guerrero III
|
0-0: Grounds into double play, 4-6-3 (Groundball, 4, EV 80.0 MPH)
|
| Bottom of the 9th over - 0 runs, 1 hit, 0 errors, 0 left on base; Portland 4 - Americus 4 |
| TOP OF THE 10TH |
|
Portland Angels batting - Pitching for Americus Braves : RHP Norm Wamboldt
|
|
Pitching: RHP Justus Gonzales
|
|
|
Batting: RHB Jayden Hollaway
|
0-0: Ball 1-0: Called Strike 1-1: Ball 2-1: Ground out 6-3 (Groundball, 6, EV 93.8 MPH)
|
|
Batting: RHB Alex Rosaly
|
0-0: Called Strike 0-1: Ball 1-1: Swinging Strike 1-2: Foul Ball, location: 2F 1-2: Strikes out swinging
|
|
Batting: LHB Lourens Aukema
|
0-0: Called Strike 0-1: Ball 1-1: Ball 2-1: Swinging Strike 2-2: Foul Ball, location: 2F 2-2: Foul Ball, location: 2F 2-2: Ball 3-2: Ground out 4-3 (Groundball, 34D, EV 101.9 MPH)
|
| Top of the 10th over - 0 runs, 0 hits, 0 errors, 0 left on base; Portland 4 - Americus 4 |
| BOTTOM OF THE 10TH |
|
Americus Braves batting - Pitching for Portland Angels : RHP John Martin
|
|
Pitching: RHP Hector Agudelo
|
|
|
Batting: RHB Wilson Salgado
|
0-0: Foul Ball, location: 2F 0-1: Foul Ball, location: 2F 0-2: Fly out, F4 (Popup, 13, EV 74.4 MPH)
|
|
Batting: RHB Josh Maxwell
|
0-0: Called Strike 0-1: Swinging Strike 0-2: Strikes out swinging
|
|
Batting: LHB Garret Mathis
|
0-0: Ball 1-0: Ball 2-0: Called Strike 2-1: Ball 3-1: Base on Balls
|
|
Batting: RHB Bill Horne
|
0-0: Ball 1-0: Called Strike 1-1: Foul Ball, location: 2F 1-2: Ball 2-2: Strikes out looking
|
| Bottom of the 10th over - 0 runs, 0 hits, 0 errors, 1 left on base; Portland 4 - Americus 4 |
| TOP OF THE 11TH |
|
Portland Angels batting - Pitching for Americus Braves : RHP Justus Gonzales
|
|
Pinch Hitting: RHB Jose Garduno
|
0-0: Ball 1-0: Ball 2-0: Ball 3-0: Base on Balls
|
|
Batting: LHB Lupe Garcia
|
0-0: Ball Jose Garduno is caught stealing 2nd base 2-6 1-0: Ball 2-0: Foul Ball, location: 2F 2-1: Ball 3-1: Called Strike 3-2: Base on Balls
|
|
Batting: RHB Esteban Rangel
|
0-0: Called Strike 0-1: Foul Ball, location: 2F 0-2: Ball 1-2: Ball 2-2: Ball 3-2: Foul Ball, location: 2F 3-2: Base on Balls Lupe Garcia to second
|
|
Pitching: RHP John Collins
|
|
|
Pinch Runner at 2nd Jonathan Barrie:
|
|
|
Batting: RHB Dan Contreras
|
0-0: Foul Ball, location: 2F 0-1: Foul Ball, location: 2F 0-2: Fly out, F8 (Flyball, 8RS, EV 87.5 MPH)
|
|
Pinch Hitting: RHB Bob Dewar
|
0-0: Swinging Strike 0-1: Swinging Strike 0-2: Foul Ball, location: 2F 0-2: DOUBLE (Line Drive, 9LS, EV 102.5 MPH) Jonathan Barrie scores Esteban Rangel to third
|
|
Batting: RHB Dustin Watling
|
0-0: Called Strike 0-1: Foul Ball, location: 2F 0-2: Ball 1-2: Foul Ball, location: 2F 1-2: Ground out 6-3 (Groundball, 6, EV 88.8 MPH)
|
| Top of the 11th over - 1 run, 1 hit, 0 errors, 2 left on base; Portland 5 - Americus 4 |
| BOTTOM OF THE 11TH |
|
Americus Braves batting - Pitching for Portland Angels : RHP Hector Agudelo
|
|
Now at C: John Granter
|
|
|
Now at 2B: Jose Garduno
|
|
|
Now at 3B: Jonathan Barrie
|
|
|
Batting: RHB Chris Foss
|
0-0: SINGLE (Line Drive, 8LS, EV 92.5 MPH)
|
|
Batting: RHB Travis Mendoza
|
0-0: Called Strike 0-1: Ball 1-1: Ball 2-1: Fly out, F9 (Line Drive, 9, EV 90.0 MPH)
|
|
Batting: RHB Ryan Cole
|
0-0: Ground out 4-3 (Groundball, 4S, EV 68.1 MPH) Chris Foss to second
|
|
Batting: RHB Scott Hansen
|
0-0: Ball 1-0: Fly out, F5 (Popup, 56D, EV 61.2 MPH)
|
| Bottom of the 11th over - 0 runs, 1 hit, 0 errors, 1 left on base; Portland 5 - Americus 4 |
|